 Dungeon Crawl Stone Soup version 0.30.0-17-ge0270778cf (webtiles) character file.

Game seed: 13782458645871939976

819 mn3067 the Thaumaturge (level 7, -4/36 HPs)
             Began as a Gargoyle Earth Elementalist on May 21, 2023.
             Shot with a bolt by an orc warrior (9 damage)
             ... on level 5 of the Dungeon.
             The game lasted 00:12:51 (5435 turns).

mn3067 the Thaumaturge (GrEE)                       Turns: 5435, Time: 00:12:52

Health: -4/36      AC: 11    Str: 12    XL:     7   Next: 95%
Magic:  3/18       EV: 11    Int: 17    God:
Gold:   359        SH:  0    Dex: 10    Spells: 18/22 levels left

rFire   + . .        f - +0 short sword
rCold   + . .        (no shield)
rNeg    + . .        a - +0 robe
rPois   ∞            t - +0 helmet
rElec   +            l - scarf {rC+ rF+}
rCorr   .            B - +2 pair of gloves
SInv    .            i - +0 pair of boots
Will    .....        (no amulet)
Stlth   ++           (no ring)
HPRegen 0.26/turn    (no ring)
MPRegen 0.16/turn

%: no passive effects
@: no status effects
A: sickness immunity, AC +4, negative energy resistance 1, electricity
resistance, torment resistance 1, petrification resistance
a: no special abilities


You were on level 5 of the Dungeon.
You visited 1 branch of the dungeon, and saw 5 of its levels.

You collected 359 gold pieces.

Inventory:

Hand Weapons
 f - a +0 short sword (weapon)
Missiles
 j - 2 throwing nets
Armour
 a - a +0 robe (worn)
 i - a +0 pair of boots (worn)
 l - a scarf of resistance (worn)
 t - a +0 helmet (worn)
 B - a +2 pair of gloves (worn)
Jewellery
 C - a ring of ice
Wands
 v - a wand of charming (4)
 z - a wand of flame (25)
Scrolls
 c - 3 scrolls of identify {unknown}
 g - a scroll of fog {unknown}
 k - 2 scrolls of enchant armour {unknown}
 m - a scroll of immolation {unknown}
 p - a scroll of amnesia {unknown}
 s - a scroll of teleportation {unknown}
 w - a scroll of silence {unknown}
 x - a scroll of magic mapping {unknown}
 y - 2 scrolls of enchant weapon {unknown}
Potions
 b - 2 potions of magic
 d - 2 potions of berserk rage {unknown}
 e - a potion of ambrosia {unknown}
 h - 4 potions of curing {unknown}
 n - a potion of flight {unknown}
 o - a potion of brilliance {unknown}
 q - a potion of lignification {unknown}
 r - a potion of cancellation {unknown}
 u - a potion of haste {unknown}
 A - 2 potions of mutation {unknown}


   Skills:
 - Level 1.5 Dodging
 - Level 2.1 Stealth
 - Level 8.0 Spellcasting
 - Level 0.7 Transmutations
 + Level 4.3 Earth Magic


You had 18 spell levels left.
You knew the following spells:

 Your Spells              Type           Power      Damage    Failure   Level
a - Sandblast             Erth           42%        2d11      1%          1
b - Stone Arrow           Conj/Erth      28%        3d8       13%         3

Your spell library contained the following spells:

 Spells                   Type           Power      Damage    Failure   Level
 Passwall                 Tmut/Erth      12%        N/A       5%          2
 Apportation              Tloc           12%        N/A       11%         1
 Summon Small Mammal      Summ           24%        N/A       11%         1
 Call Canine Familiar     Summ           6%         N/A       30%         3
 Dazzling Flash           Conj/Hex       12%        N/A       30%         3
 Summon Guardian Golem    Hex/Summ       6%         N/A       30%         3
 Volatile Blastmotes      Fire/Tloc      12%        2d11      30%         3
 Petrify                  Tmut/Erth      15%        N/A       36%         4
 Iskenderun's Mystic Bla  Conj/Tloc      6%         2d4       71%         4
 Alistair's Intoxication  Tmut/Pois      5%         N/A       94%         5
 Starburst                Conj/Fire      3%         6d3       100%        6


Dungeon Overview and Level Annotations

Branches:
Dungeon (5/15)
 Temple: D:4-7

Altars:
Elyvilon
Nemelex Xobeh
Okawaru

Shops:
D:2 (   D:5 [

Portals:
Abyss: D:3

Annotations:
D:3 2 transporters, fedoskokos's ghost, amateur MiFi


Innate Abilities, Weirdness & Mutations

You are immune to sickness and miasma.
Your stone body is resilient. (AC +4)
You are immune to poison.
You resist negative energy. (rN+)
You are resistant to electric shocks. (rElec)
You are resistant to unholy torment.
You are immune to petrification.


Message History

* * * LOW HITPOINT WARNING * * *
The orc warrior shoots a bolt.
The bolt hits you but does no damage.
Casting: Stone Arrow (quite dangerous; 14% risk of failure)
Confirm with . or Enter, or press ? or * to list all spells.
The spell is quite dangerous to miscast (14% risk of failure)!
Continue anyway?
Aiming: Stone Arrow (quite dangerous; 14% risk of failure)
Press: ? - help, Shift-Dir - straight line, f/p - orc warrior
Aim: an orc warrior, wielding a +0 arbalest and wearing a +3 plate armour (moderately wounded, 68% to hit)
The stone arrow misses the orc warrior.
Casting: Stone Arrow (quite dangerous; 14% risk of failure)
Confirm with . or Enter, or press ? or * to list all spells.
The spell is quite dangerous to miscast (14% risk of failure)!
Continue anyway?
Aiming: Stone Arrow (quite dangerous; 14% risk of failure)
Press: ? - help, Shift-Dir - straight line, f/p - orc warrior
Aim: an orc warrior, wielding a +0 arbalest and wearing a +3 plate armour (moderately wounded, 68% to hit)
The stone arrow misses the orc warrior.
The orc warrior shoots a bolt.
The bolt barely misses you.
Casting: Stone Arrow (quite dangerous; 14% risk of failure)
Confirm with . or Enter, or press ? or * to list all spells.
The spell is quite dangerous to miscast (14% risk of failure)!
Continue anyway?
Aiming: Stone Arrow (quite dangerous; 14% risk of failure)
Press: ? - help, Shift-Dir - straight line, f/p - orc warrior
Aim: an orc warrior, wielding a +0 arbalest and wearing a +3 plate armour (moderately wounded, 68% to hit)
The stone arrow misses the orc warrior.
The stone arrow hits the orc priest!
You kill the orc priest!
The orc warrior shoots a bolt.
The bolt hits you.
* * * LOW HITPOINT WARNING * * *
Casting: Stone Arrow (quite dangerous; 13% risk of failure)
Confirm with . or Enter, or press ? or * to list all spells.
Aiming: Sandblast (safe; 1% risk of failure)
Press: ? - help, Shift-Dir - straight line, f/p - orc warrior
Aim: an orc warrior, wielding a +0 arbalest and wearing a +3 plate armour (moderately wounded, 83% to hit)
The blast of sand hits the orc warrior but does no damage.
The orc warrior is moderately wounded.
The orc warrior shoots a bolt.
The bolt hits you.
* * * LOW HITPOINT WARNING * * *
The orc warrior shoots a bolt.
The bolt closely misses you.
Your magical contamination has completely faded away.
The orc warrior shoots a bolt.
The bolt hits you!
You die...

#.## ##..# #. #..#
#..## #. #..###
#.## ### #....#
#.# #.. #.##.###.#
#.# #.##.##..##
#.# #.#.......#
#.# #>##....#.##
#.#
#@#####÷#..#####.#
#.# #.##.......#
#.# ##..........#
#.# #..#######...
#.# #.## #.... #.#
#.# ####.... #o#
#.# #.......


oW# ##.# #......# )####..# #.....## You could see an orc warrior, a phantom and
an orc.

Vanquished Creatures
  A black bear (D:4)
  An ogre (D:5)
  A centaur (D:5)
  A kobold brigand (D:5)
  A jelly (D:5)
  6 orc priests
  A sleepcap (D:4)
  2 iguanas
  An orc wizard (D:4)
  Robin (D:3)
  4 adders
  A white imp (D:5)
  3 worms
  A dart slug (D:1)
  17 orcs
  9 ball pythons
  3 endoplasms
  4 giant cockroaches
  17 goblins
  6 hobgoblins
  A quokka (D:4)
  4 bats
  3 frilled lizards
  35 kobolds
  5 rats
129 creatures vanquished.

Notes
Turn   | Place    | Note
-------+----------+-------------------------------------------
     0 | D:1      | mn3067 the Gargoyle Earth Elementalist began the quest for
                  | the Orb.
     0 | D:1      | Reached XP level 1. HP: 10/10 MP: 3/3
   165 | D:1      | Reached XP level 2. HP: 15/15 MP: 3/5
   307 | D:1      | Reached skill level 3 in Spellcasting
   423 | D:1      | Reached XP level 3. HP: 19/19 MP: 2/7
   904 | D:2      | Found Yrphen's Antique Weapon Shoppe.
  1487 | D:2      | Reached XP level 4. HP: 19/24 MP: 2/9
  1599 | D:2      | Reached skill level 4 in Spellcasting
  1847 | D:2      | Found a faded altar of an unknown god.
  2067 | D:3      | Noticed an ancient zyme
  2176 | D:3      | Noticed Robin
  2251 | D:3      | Killed Robin
  2395 | D:3      | Found a transporter.
  2395 | D:3      | Noticed a small abomination
  2395 | D:3      | Noticed a small abomination
  2396 | D:3      | Noticed a kobold brigand
  2578 | D:3      | Found a transporter.
  2579 | D:3      | Found a one-way gate to the infinite horrors of the Abyss.
  2579 | D:3      | Noticed fedoskokos's ghost (amateur MiFi)
  3016 | D:3      | Learned a level 3 spell: Stone Arrow
  3023 | D:4      | Reached XP level 5. HP: 17/28 MP: 6/12
  3074 | D:4      | Reached skill level 5 in Spellcasting
  3219 | D:4      | Found a white marble altar of Elyvilon.
  3424 | D:4      | Found a sparkling altar of Nemelex Xobeh.
  3427 | D:4      | Found an iron altar of Okawaru.
  3555 | D:4      | Reached XP level 6. HP: 32/32 MP: 10/14
  3646 | D:4      | Identified the +1 robe of Tenacity {Rampage}
  3899 | D:4      | Reached skill level 6 in Spellcasting
  4282 | D:5      | Entered Level 5 of the Dungeon
  4282 | D:5      | Noticed a black bear
  4293 | D:4      | Killed a black bear
  4418 | D:4      | Reached XP level 7. HP: 23/36 MP: 5/17
  4651 | D:5      | Reached skill level 7 in Spellcasting
  4682 | D:5      | Found Quahe's Antique Armour Shoppe.
  5170 | D:5      | Reached skill level 8 in Spellcasting
  5435 | D:5      | Shot with a bolt by an orc warrior

Illustrated notes

Levels and vault maps discovered:
D:1:      lemuel_arrival_cross, layout_basic, nicolae_titane
D:2:      layout_loops_corners, chequers_ecumenical_altar_grove, serial_shops,
          shop
D:3:      layout_basic, gammafunk_ghost_abyssal_escape, hex_tiny, uniq_robin
D:4:      layout_loops_ring, elyvilon_altar_3, jmf_multi_god_temple
D:5:      kennysheep_kobold_camp, layout_rooms, serial_shops,
          nicolae_square_shop

Skill      XL: |  1  2  3  4  5  6  7 |
---------------+----------------------+-----
Spellcasting   | 3 4 5 6 8 |  8.0
Earth Magic    | 4 |  4.3
Dodging        | |  1.5
Stealth        | |  2.1
Transmutations | |  0.7

Action                     |  1- 3 |  4- 6 |  7- 9 || total
---------------------------+-------+-------+-------++-------
   Cast: Sandblast         |    44 |   126 |    67 ||   237
         Stone Arrow       |       |       |     6 ||     6
 Armour: Robe              |     2 |    33 |    29 ||    64
  Dodge: Dodged            |     8 |    52 |    31 ||    91
